Flyers vs Canadiens
Created - April 3, 2022 at 00:03
Goals
|
| Flyers |
2 |
2 |
2 |
6 |
| Canadiens |
1 |
1 |
3 |
5 |
|
Shots
|
| Flyers |
10 |
7 |
10 |
27 |
| Canadiens |
13 |
10 |
8 |
31 |
|
1st period
1. Flyers , Jakub Voracek 25 (Jacob Trouba 11, J.T. Miller 29) at 4:37
2. Canadiens , Chris Kreider 30 (Mika Zibanejad 24) at 14:41 (PP)
3. Flyers , Chris Mcallister 6 (Brock Nelson 12, Nathan Beaulieu 12) at 18:41
Penalties :
Mark Stuart (Mon) for Hooking (Minor) at 5:18, Jeff Woywitka (Phi) for Holding (Minor) at 11:48, Matt Smaby (Phi) for Hooking (Minor) at 14:25, Jacob Trouba (Phi) for Hooking (Minor) at 16:06, Greg Stewart (Mon) for Roughing (Double Minor) at 18:44
2nd period
4. Canadiens , Chris Kreider 31 (Jean-Gabriel Pageau 17, Mark Stuart 13) at 0:27 (SH)
5. Flyers , J.T. Miller 24 (Jordan Nolan 34, Jakub Voracek 31) at 8:29 (PP)
6. Flyers , Jeff Woywitka 4 (Travis Zajac 11, Marcus Kruger 14) at 14:28
Penalties :
John Carlson (Mon) for Tripping (Minor) at 7:05, Drew Miller (Phi) for Interference (Minor) at 19:45
3rd period
7. Canadiens , Greg Stewart 18 (Steve Downie 19, Jean-Gabriel Pageau 18) at 0:54 (PP)
8. Canadiens , Phil Kessel 12 (Chris Kreider 33, Mika Zibanejad 25) at 3:34
9. Flyers , Jakub Voracek 26 (Jordan Nolan 35, J.T. Miller 30) at 8:33
10. Flyers , Jeff Woywitka 5 (Jakub Voracek 32, Jordan Nolan 36) at 11:38 (PP)
11. Canadiens , Greg Stewart 19 (Philip Larsen 7, Cam Fowler 22) at 19:06 (SH)
Penalties :
Jacob Trouba (Phi) for Hooking (Minor) at 1:03, Jordan Nolan (Phi) for Hooking (Minor) at 4:27, Nick Spaling (Mon) for Holding (Minor) at 11:26, Mats Zuccarello (Mon) for Tripping (Minor) at 14:40, Mark Stuart (Mon) for Slashing (Double Minor) at 18:05
Goalie Stats
Steve Mason (Phi), 26 saves from 31 shots - (0.839), W, 16-6-0, 60:00 minutes
Allen York (Mon), 8 saves from 10 shots - (0.800), L, 4-3-0, 25:32 minutes
Kristers Gudlevskis (Mon), 13 saves from 17 shots - (0.765), 34:28 minutes
Players Stats for Flyers
Player Name G A P +/- PIM S H SB GA TA FO MP PP MP PK MP
------------------------------------------------------------------------------------
Brian Lashoff 0 0 0 -1 0 0 1 0 0 0 0/0 13:43 0:00 3:18
Brock Nelson 0 1 1 1 0 0 1 0 0 0 0/0 8:13 0:00 2:02
Chris Mcallister 1 0 1 2 0 2 1 1 0 0 0/0 12:08 0:00 2:16
Drew Miller 0 0 0 -1 2 3 1 0 0 1 0/0 15:59 4:34 0:27
J.T. Miller 1 2 3 0 0 3 3 1 2 0 6/10 24:35 6:53 5:07
Jacob Trouba 0 1 1 0 4 2 1 0 1 0 0/0 28:03 8:44 3:23
Jakub Voracek 2 2 4 1 0 6 0 2 0 0 0/1 21:02 6:53 2:04
Jeff Carter 0 0 0 -1 0 0 2 0 0 1 4/15 18:13 4:34 2:43
Jeff Woywitka 2 0 2 -1 2 4 2 3 0 1 0/0 28:20 8:44 4:15
Jonathan Ericsson 0 0 0 0 0 0 0 0 0 0 0/0 9:44 0:00 0:00
Jordan Nolan 0 3 3 0 2 0 2 0 1 1 15/30 23:44 6:53 4:03
Marcus Kruger 0 1 1 1 0 0 1 0 0 0 0/0 9:27 0:00 0:00
Matt Smaby 0 0 0 2 2 1 1 0 0 0 0/0 20:41 2:43 3:53
Matthew Lombardi 0 0 0 0 0 0 0 0 0 1 0/1 5:24 0:00 0:00
Nathan Beaulieu 0 1 1 2 0 1 0 0 0 0 0/0 20:42 2:43 3:53
Niclas Bergfors 0 0 0 -1 0 1 1 0 2 1 0/1 15:30 4:34 0:00
Travis Zajac 0 1 1 1 0 4 0 0 0 0 3/5 9:41 0:00 0:00
Tyler Randell 0 0 0 0 0 0 1 0 0 0 0/0 5:24 0:00 0:00
Players Stats for Canadiens
Player Name G A P +/- PIM S H SB GA TA FO MP PP MP PK MP
------------------------------------------------------------------------------------
Brian Dumoulin 0 0 0 -2 0 0 0 0 0 0 0/0 8:47 0:00 0:25
Bryce Lampman 0 0 0 -1 0 1 1 1 0 2 0/0 22:32 3:54 4:24
Cam Fowler 0 1 1 2 0 0 1 2 0 1 0/0 28:47 5:27 7:03
Chad Larose 0 0 0 0 0 0 1 1 0 0 0/0 8:07 0:31 1:51
Chris Kreider 2 1 3 1 0 7 0 1 0 0 1/2 23:04 5:08 6:46
Daniel Carcillo 0 0 0 -1 0 3 1 1 0 0 0/0 10:34 0:00 0:13
Dave Bolland 0 0 0 -1 0 2 3 0 0 0 4/6 11:46 0:25 0:48
Greg Stewart 2 0 2 -1 4 3 2 0 1 0 0/0 18:13 3:42 2:31
Jean-Gabriel Pageau 0 2 2 -1 0 0 2 0 0 1 15/31 21:58 3:45 6:46
John Carlson 0 0 0 1 2 3 1 1 1 1 0/0 25:40 5:27 4:24
Jordan Szwarz 0 0 0 0 0 0 0 0 1 0 0/0 6:08 0:28 0:00
Mark Stuart 0 1 1 -1 6 0 0 2 0 0 0/0 23:54 3:54 4:43
Mats Zuccarello 0 0 0 -1 2 2 2 1 0 0 0/0 10:25 0:00 0:00
Mika Zibanejad 0 2 2 1 0 2 3 0 1 0 12/21 20:46 5:11 3:59
Nick Spaling 0 0 0 0 2 1 0 1 0 0 1/1 5:35 0:00 0:00
Phil Kessel 1 0 1 0 0 3 0 0 1 0 1/1 16:13 5:08 0:00
Philip Larsen 0 1 1 -1 0 2 1 1 0 1 0/0 10:21 0:00 1:55
Steve Downie 0 1 1 -2 0 2 1 0 1 0 1/1 15:37 3:45 0:00
3 Stars
1 - Jakub Voracek (Phi)
2 - Chris Kreider (Mon)
3 - J.T. Miller (Phi)
Power Play
Flyers - 2 on 8 Attempt(s) - 25.00%
Canadiens - 2 on 6 Attempt(s) - 33.33%
Penalty Kill
Flyers - 4 on 6 Attempt(s) - 66.67%
- Score 0 goal in Penalty Kill
Canadiens - 6 on 8 Attempt(s) - 75.00%
- Score 2 goal in Penalty Kill
Team Stat
Flyers - Hits : 18 - Faceoff Wins : 28 - Blocked Shots : 7 - Penalty Minutes : 12
Canadiens - Hits : 19 - Faceoff Wins : 35 - Blocked Shots : 12 - Penalty Minutes : 16
Official
Referees : Graham Skilliter and Kelly Sutherland
Linesman : Ryan Daisy and Michel Cormier
Game Notes
Allen York enters game at 14:28 of 2nd period
Finance
Level 1 -- Attendance: 6000 (100.00%) -- Ticket Income $600,000
Level 2 -- Attendance: 5000 (100.00%) -- Ticket Income $300,000
Level 3 -- Attendance: 1874 (93.70%) -- Ticket Income $65,590
Level 4 -- Attendance: 4000 (100.00%) -- Ticket Income $100,000
Luxury Box -- Attendance: 1000 (100.00%) -- Ticket Income $200,000
Game was played at the Centre Bell.
Total Attendance: 17874 (99.30%)
Total Ticket Income: $1,265,590
Other Income: $189,838
Total Income: $1,455,428
Flyers
5 vs 5 Forward
Center Left Wing Right Wing Time % Phy DF OF
1 Jordan Nolan J.T. Miller Jakub Voracek 40 1 2 2
2 Jeff Carter Drew Miller Niclas Bergfors 30 1 2 2
3 Travis Zajac Chris Mcallister Marcus Kruger 20 1 2 2
4 Matthew Lombardi Brock Nelson Tyler Randell 10 1 2 2
5 vs 5 Defense
Defense Defense Time % Phy DF OF
1 Jacob Trouba Jeff Woywitka 40 1 2 2
2 Matt Smaby Nathan Beaulieu 30 1 2 2
3 Jonathan Ericsson Brian Lashoff 20 1 2 2
4 Jacob Trouba Jeff Woywitka 10 1 2 2
PowerPlay Forward
Center Left Wing Right Wing Time % Phy DF OF
1 Jordan Nolan J.T. Miller Jakub Voracek 60 1 2 2
2 Jeff Carter Drew Miller Niclas Bergfors 40 1 2 2
PowerPlay Defense
Defense Defense Time % Phy DF OF
1 Jacob Trouba Jeff Woywitka 60 1 2 2
2 Matt Smaby Nathan Beaulieu 40 1 2 2
Penalty Kill 4 Players Forward
Center Wing Time % Phy DF OF
1 J.T. Miller Jordan Nolan 60 1 2 2
2 Jeff Carter Jakub Voracek 40 1 2 2
Penalty Kill 4 Players Defense
Defense Defense Time % Phy DF OF
1 Jacob Trouba Jeff Woywitka 60 1 2 2
2 Matt Smaby Nathan Beaulieu 40 1 2 2
Penalty Kill - 3 Players Forward
Forward Time % Phy DF OF
1 J.T. Miller 60 1 2 2
2 Jordan Nolan 40 1 2 2
Penalty Kill - 3 Players Defense
Defense Defense Time % Phy DF OF
1 Jacob Trouba Jeff Woywitka 60 1 2 2
2 Matt Smaby Nathan Beaulieu 40 1 2 2
4 vs 4 Forward
Center Wing Time % Phy DF OF
1 J.T. Miller Jordan Nolan 60 1 2 2
2 Jeff Carter Jakub Voracek 40 1 2 2
4 vs 4 Defense
Defense Defense Time % Phy DF OF
1 Jacob Trouba Jeff Woywitka 60 1 2 2
2 Matt Smaby Nathan Beaulieu 40 1 2 2
Last Minutes Offensive
Center Left Wing Right Wing Defense Defense
Jordan Nolan J.T. Miller Jakub Voracek Jacob Trouba Jeff Woywitka
Last Minutes Defensive
Center Left Wing Right Wing Defense Defense
Jordan Nolan J.T. Miller Jakub Voracek Jacob Trouba Jeff Woywitka
Goaltenders
Starting : Steve Mason
Backup : Ilya Sorokin
Extra Forwards
Normal : Travis Zajac, Marcus Kruger, Chris Mcallister - PP : Travis Zajac, Marcus Kruger - PK : Chris Mcallister
Extra Defensemen
Normal : Jonathan Ericsson, Brian Lashoff, Matt Smaby - PP : Jonathan Ericsson - PK : Brian Lashoff, Matt Smaby
Penalty Shots
J.T. Miller, Jordan Nolan, Jeff Carter, Jakub Voracek, Drew Miller
Scratches
Dylan Olsen (Healthy), Tomas Kubalik (Healthy)
Canadiens
5 vs 5 Forward
Center Left Wing Right Wing Time % Phy DF OF
1 Mika Zibanejad Chris Kreider Phil Kessel 35 0 1 4
2 Jean-Gabriel Pageau Greg Stewart Steve Downie 35 0 1 4
3 Dave Bolland Daniel Carcillo Mats Zuccarello 25 0 2 3
4 Nick Spaling Chad Larose Jordan Szwarz 5 0 3 2
5 vs 5 Defense
Defense Defense Time % Phy DF OF
1 John Carlson Bryce Lampman 40 0 2 3
2 Cam Fowler Mark Stuart 40 0 3 2
3 Philip Larsen Brian Dumoulin 10 0 3 2
4 Cam Fowler John Carlson 10 0 2 3
PowerPlay Forward
Center Left Wing Right Wing Time % Phy DF OF
1 Mika Zibanejad Chris Kreider Phil Kessel 50 0 1 4
2 Jean-Gabriel Pageau Greg Stewart Steve Downie 50 0 1 4
PowerPlay Defense
Defense Defense Time % Phy DF OF
1 Cam Fowler John Carlson 50 0 1 4
2 Bryce Lampman Mark Stuart 50 0 1 4
Penalty Kill 4 Players Forward
Center Wing Time % Phy DF OF
1 Jean-Gabriel Pageau Chris Kreider 60 0 3 2
2 Mika Zibanejad Greg Stewart 40 0 3 2
Penalty Kill 4 Players Defense
Defense Defense Time % Phy DF OF
1 Cam Fowler Mark Stuart 60 0 3 2
2 Bryce Lampman John Carlson 40 0 3 2
Penalty Kill - 3 Players Forward
Forward Time % Phy DF OF
1 Jean-Gabriel Pageau 60 1 4 0
2 Nick Spaling 40 0 4 1
Penalty Kill - 3 Players Defense
Defense Defense Time % Phy DF OF
1 Cam Fowler Philip Larsen 60 0 4 1
2 Bryce Lampman Mark Stuart 40 0 4 1
4 vs 4 Forward
Center Wing Time % Phy DF OF
1 Jean-Gabriel Pageau Chris Kreider 60 0 2 3
2 Mika Zibanejad Greg Stewart 40 0 2 3
4 vs 4 Defense
Defense Defense Time % Phy DF OF
1 Cam Fowler John Carlson 60 0 2 3
2 Bryce Lampman Mark Stuart 40 0 2 3
Last Minutes Offensive
Center Left Wing Right Wing Defense Defense
Mika Zibanejad Chris Kreider Phil Kessel Cam Fowler John Carlson
Last Minutes Defensive
Center Left Wing Right Wing Defense Defense
Jean-Gabriel Pageau Chris Kreider Phil Kessel Cam Fowler Mark Stuart
Goaltenders
Starting : Kristers Gudlevskis
Backup : Allen York
Extra Forwards
Normal : Mika Zibanejad, Steve Downie, Daniel Carcillo - PP : Mika Zibanejad, Steve Downie - PK : Mika Zibanejad
Extra Defensemen
Normal : Mark Stuart, Philip Larsen, Brian Dumoulin - PP : Mark Stuart - PK : Mark Stuart, Philip Larsen
Penalty Shots
Chris Kreider, Mika Zibanejad, Phil Kessel, Greg Stewart, Mats Zuccarello
Scratches
None
% Time on Ice - Flyers
Lines # - Real PCT - Wanted PCT - Time Play
Normal Forward
1 - 34% - 40% - 13:25
2 - 28% - 30% - 10:56
3 - 24% - 20% - 9:27
4 - 14% - 10% - 5:24
Normal Defense
1 - 37% - 40% - 14:30
2 - 36% - 30% - 14:06
3 - 25% - 20% - 9:44
4 - 2% - 10% - 0:52
PP Forward
1 - 60% - 60% - 6:53
2 - 40% - 40% - 4:34
PP Defense
1 - 76% - 60% - 8:44
2 - 24% - 40% - 2:43
PK Forward
1 - 78% - 60% - 7:17
2 - 22% - 40% - 2:04
PK Defense
1 - 58% - 60% - 5:28
2 - 42% - 40% - 3:53
PK3 Forward
1 - 0% - 60%
2 - 0% - 40%
PK3 Defense
1 - 0% - 60%
2 - 0% - 40%
44 Forward
1 - 0% - 60%
2 - 0% - 40%
44 Defense
1 - 0% - 60%
2 - 0% - 40%
Last Minute Offensive - 0:00
Last Minute Defensive - 0:00
Total
Forward - 60:00
Defense - 60:00
|
% Time on Ice - Canadiens
Lines # - Real PCT - Wanted PCT - Time Play
Normal Forward
1 - 29% - 35% - 11:17
2 - 31% - 35% - 11:58
3 - 26% - 25% - 10:21
4 - 14% - 5% - 5:36
Normal Defense
1 - 39% - 40% - 15:11
2 - 39% - 40% - 15:13
3 - 21% - 10% - 8:07
4 - 2% - 10% - 0:41
PP Forward
1 - 58% - 50% - 5:24
2 - 42% - 50% - 3:57
PP Defense
1 - 58% - 50% - 5:27
2 - 42% - 50% - 3:54
PK Forward
1 - 67% - 60% - 7:37
2 - 33% - 40% - 3:50
PK Defense
1 - 62% - 60% - 7:03
2 - 38% - 40% - 4:24
PK3 Forward
1 - 0% - 60%
2 - 0% - 40%
PK3 Defense
1 - 0% - 60%
2 - 0% - 40%
44 Forward
1 - 0% - 60%
2 - 0% - 40%
44 Defense
1 - 0% - 60%
2 - 0% - 40%
Last Minute Offensive - 0:00
Last Minute Defensive - 0:00
Total
Forward - 60:00
Defense - 60:00
|
Play-by-Play
1st period
0:01 of 1st period - Mika Zibanejad wins face-off versus Jakub Voracek in neutral zone.
0:06 of 1st period - Wrist shot by Chris Kreider.
0:06 of 1st period - Stopped by Steve Mason with a rebound.
0:55 of 1st period - Wrist shot by Daniel Carcillo.
0:55 of 1st period - Shot Misses the Net.
0:57 of 1st period - Slapshot by John Carlson.
0:57 of 1st period - Deflect By Matt Smaby.
0:57 of 1st period - Stopped by Steve Mason with a rebound.
1:11 of 1st period - Slapshot by Nathan Beaulieu.
1:11 of 1st period - Stopped by Kristers Gudlevskis without a rebound.
1:12 of 1st period - Nick Spaling wins face-off versus Matthew Lombardi in Canadiens zone.
1:21 of 1st period - Wrist shot by Nick Spaling.
1:21 of 1st period - Stopped by Steve Mason with a rebound.
1:37 of 1st period - Cam Fowler is hit by Jordan Nolan.
2:28 of 1st period - Snap shot by Dave Bolland.
2:28 of 1st period - Deflect By Mats Zuccarello.
2:28 of 1st period - Stopped by Steve Mason with a rebound.
3:15 of 1st period - Jordan Nolan is hit by Jean-Gabriel Pageau.
3:25 of 1st period - Drew Miller is hit by Mika Zibanejad and loses puck.
3:51 of 1st period - Philip Larsen is hit by Chris Mcallister and loses puck.
4:10 of 1st period - Jacob Trouba is hit by Chad Larose and loses puck.
4:31 of 1st period - Slapshot by Jakub Voracek.
4:31 of 1st period - Stopped by Kristers Gudlevskis with a rebound.
4:33 of 1st period - Slapshot by Jacob Trouba.
4:33 of 1st period - Stopped by Kristers Gudlevskis with a rebound.
4:35 of 1st period - Slapshot by Jacob Trouba.
4:35 of 1st period - Shot Misses the Net.
4:37 of 1st period - Slapshot by Jacob Trouba.
4:37 of 1st period - Deflect By Jakub Voracek.
4:37 of 1st period - Goal by Jakub Voracek - Flyers : 1 - Canadiens : 0.
4:38 of 1st period - Mika Zibanejad wins face-off versus J.T. Miller in neutral zone.
4:40 of 1st period - Off-side.
4:41 of 1st period - Jordan Nolan wins face-off versus Mika Zibanejad in neutral zone.
4:46 of 1st period - Wrist shot by J.T. Miller.
4:46 of 1st period - Stopped by Kristers Gudlevskis without a rebound.
4:47 of 1st period - Mika Zibanejad wins face-off versus Jordan Nolan in Canadiens zone.
4:47 of 1st period - Mika Zibanejad is hit by Jeff Woywitka.
5:18 of 1st period - Minor Penalty to Mark Stuart for Hooking.
5:19 of 1st period - Jeff Carter wins face-off versus Jean-Gabriel Pageau in Canadiens zone.
7:18 of 1st period - Penalty to Mark Stuart is over, Mark Stuart is back on ice.
7:33 of 1st period - Wrist shot by Daniel Carcillo.
7:33 of 1st period - Stopped by Steve Mason with a rebound.
7:57 of 1st period - Snap shot by Tyler Randell.
7:57 of 1st period - Deflect By Bryce Lampman.
7:57 of 1st period - Shot Misses the Net.
7:57 of 1st period - Puck is out of play.
7:58 of 1st period - Travis Zajac wins face-off versus Jean-Gabriel Pageau in Canadiens zone.
8:49 of 1st period - Jeff Woywitka is hit by Mats Zuccarello and loses puck.
9:33 of 1st period - Jean-Gabriel Pageau is hit by Jordan Nolan and loses puck.
9:57 of 1st period - Icing by J.T. Miller.
9:58 of 1st period - Dave Bolland wins face-off versus Jordan Nolan in Flyers zone.
10:03 of 1st period - Backhand shot by Daniel Carcillo.
10:03 of 1st period - Shot Misses the Net.
10:05 of 1st period - Slapshot by Bryce Lampman.
10:05 of 1st period - Stopped by Steve Mason with a rebound.
10:07 of 1st period - Slapshot by John Carlson.
10:07 of 1st period - Stopped by Steve Mason without a rebound.
10:08 of 1st period - Jean-Gabriel Pageau wins face-off versus Jeff Carter in Flyers zone.
11:14 of 1st period - Off-side.
11:15 of 1st period - Travis Zajac wins face-off versus Jean-Gabriel Pageau in neutral zone.
11:18 of 1st period - Greg Stewart is hit by Jacob Trouba and loses puck.
11:23 of 1st period - Snap shot by Travis Zajac.
11:23 of 1st period - Stopped by Kristers Gudlevskis without a rebound.
11:24 of 1st period - Mika Zibanejad wins face-off versus Travis Zajac in Canadiens zone.
11:29 of 1st period - Snap shot by Phil Kessel.
11:29 of 1st period - Deflect By Mika Zibanejad.
11:29 of 1st period - Stopped by Steve Mason without a rebound.
11:30 of 1st period - Mika Zibanejad wins face-off versus Jordan Nolan in Flyers zone.
11:33 of 1st period - Snap shot by Phil Kessel.
11:33 of 1st period - Stopped by Steve Mason with a rebound.
11:35 of 1st period - Slapshot by Bryce Lampman.
11:35 of 1st period - Shot Blocked by Jakub Voracek.
11:37 of 1st period - Snap shot by Chris Kreider.
11:37 of 1st period - Shot Blocked by Jeff Woywitka.
11:39 of 1st period - Wrist shot by Chris Kreider.
11:39 of 1st period - Shot Misses the Net.
11:41 of 1st period - Snap shot by John Carlson.
11:41 of 1st period - Stopped by Steve Mason with a rebound.
11:43 of 1st period - Snap shot by Phil Kessel.
11:43 of 1st period - Stopped by Steve Mason without a rebound.
11:44 of 1st period - Jean-Gabriel Pageau wins face-off versus Jeff Carter in Flyers zone.
11:48 of 1st period - Minor Penalty to Jeff Woywitka for Holding.
11:49 of 1st period - Mika Zibanejad wins face-off versus J.T. Miller in Flyers zone.
12:03 of 1st period - Snap shot by Phil Kessel.
12:03 of 1st period - Shot Misses the Net.
13:16 of 1st period - Jacob Trouba is hit by Greg Stewart and loses puck.
13:35 of 1st period - Wrist shot by Jacob Trouba.
13:35 of 1st period - Deflect By Jakub Voracek.
13:35 of 1st period - Shot Blocked by Cam Fowler.
13:35 of 1st period - Puck is out of play.
13:36 of 1st period - Steve Downie wins face-off versus Jeff Carter in Canadiens zone.
13:48 of 1st period - Penalty to Jeff Woywitka is over, Jeff Woywitka is back on ice.
13:59 of 1st period - Icing by Jeff Woywitka.
14:00 of 1st period - Jeff Carter wins face-off versus Dave Bolland in Flyers zone.
14:17 of 1st period - Wrist shot by Niclas Bergfors.
14:17 of 1st period - Stopped by Kristers Gudlevskis with a rebound.
14:25 of 1st period - Minor Penalty to Matt Smaby for Hooking.
14:26 of 1st period - Mika Zibanejad wins face-off versus J.T. Miller in Flyers zone.
14:27 of 1st period - Snap shot by Chris Kreider.
14:27 of 1st period - Stopped by Steve Mason without a rebound.
14:28 of 1st period - Mika Zibanejad wins face-off versus J.T. Miller in Flyers zone.
14:41 of 1st period - Snap shot by Chris Kreider.
14:41 of 1st period - Goal by Chris Kreider - Flyers : 1 - Canadiens : 1.
14:42 of 1st period - Jean-Gabriel Pageau wins face-off versus Jordan Nolan in neutral zone.
15:13 of 1st period - Wrist shot by Drew Miller.
15:13 of 1st period - Stopped by Kristers Gudlevskis without a rebound.
15:14 of 1st period - Chris Kreider wins face-off versus Jeff Carter in Canadiens zone.
15:39 of 1st period - Mika Zibanejad is hit by Drew Miller and loses puck.
15:49 of 1st period - Off-side.
15:50 of 1st period - Jordan Nolan wins face-off versus Jean-Gabriel Pageau in neutral zone.
15:50 of 1st period - Jakub Voracek is hit by Jean-Gabriel Pageau and loses puck.
16:06 of 1st period - Minor Penalty to Jacob Trouba for Hooking.
16:07 of 1st period - J.T. Miller wins face-off versus Jean-Gabriel Pageau in Flyers zone.
16:59 of 1st period - Nathan Beaulieu is hit by John Carlson and loses puck.
17:38 of 1st period - Mark Stuart is hit by J.T. Miller and loses puck.
18:06 of 1st period - Penalty to Jacob Trouba is over, Jacob Trouba is back on ice.
18:20 of 1st period - Matt Smaby is hit by Philip Larsen and loses puck.
18:23 of 1st period - Wrist shot by Chris Mcallister.
18:23 of 1st period - Shot Misses the Net.
18:31 of 1st period - Wrist shot by Jacob Trouba.
18:31 of 1st period - Stopped by Kristers Gudlevskis with a rebound.
18:41 of 1st period - Snap shot by Brock Nelson.
18:41 of 1st period - Deflect By Chris Mcallister.
18:41 of 1st period - Goal by Chris Mcallister - Flyers : 2 - Canadiens : 1.
18:42 of 1st period - Jean-Gabriel Pageau wins face-off versus Jordan Nolan in neutral zone.
18:44 of 1st period - Double Minor Penalty to Greg Stewart for Roughing.
18:45 of 1st period - Jean-Gabriel Pageau wins face-off versus Jordan Nolan in Canadiens zone.
Goals for this period are 2 for Flyers vs 1 for Canadiens.
Shots for this period are 10 for Flyers vs 13 for Canadiens.
2nd period
0:01 of 2nd period - Jean-Gabriel Pageau wins face-off versus Jordan Nolan in neutral zone.
0:10 of 2nd period - Wrist shot by J.T. Miller.
0:10 of 2nd period - Shot Blocked by Mark Stuart.
0:12 of 2nd period - Wrist shot by J.T. Miller.
0:12 of 2nd period - Shot Blocked by Chris Kreider.
0:14 of 2nd period - Slapshot by Jacob Trouba.
0:14 of 2nd period - Deflect By Jakub Voracek.
0:14 of 2nd period - Shot Hit the Post.
0:14 of 2nd period - Puck is out of play.
0:15 of 2nd period - Jean-Gabriel Pageau wins face-off versus Jordan Nolan in Canadiens zone.
0:15 of 2nd period - Jean-Gabriel Pageau is hit by J.T. Miller.
0:27 of 2nd period - Wrist shot by Chris Kreider.
0:27 of 2nd period - Goal by Chris Kreider - Flyers : 2 - Canadiens : 2.
0:28 of 2nd period - Jean-Gabriel Pageau wins face-off versus Jordan Nolan in neutral zone.
0:41 of 2nd period - Mark Stuart is hit by J.T. Miller and loses puck.
2:44 of 2nd period - Penalty to Greg Stewart is over, Greg Stewart is back on ice.
2:52 of 2nd period - Wrist shot by Mats Zuccarello.
2:52 of 2nd period - Shot Blocked by Chris Mcallister.
2:54 of 2nd period - Slapshot by Philip Larsen.
2:54 of 2nd period - Stopped by Steve Mason with a rebound.
2:56 of 2nd period - Snap shot by Daniel Carcillo.
2:56 of 2nd period - Stopped by Steve Mason with a rebound.
2:58 of 2nd period - Slapshot by Mats Zuccarello.
2:58 of 2nd period - Shot Misses the Net.
3:14 of 2nd period - Snap shot by Brock Nelson.
3:14 of 2nd period - Shot Misses the Net.
3:16 of 2nd period - Snap shot by Nathan Beaulieu.
3:16 of 2nd period - Shot Blocked by Chad Larose.
4:56 of 2nd period - Marcus Kruger is hit by Daniel Carcillo and loses puck.
5:11 of 2nd period - Brian Dumoulin is hit by Brian Lashoff and loses puck.
6:07 of 2nd period - Snap shot by Dave Bolland.
6:07 of 2nd period - Stopped by Steve Mason with a rebound.
6:17 of 2nd period - Jonathan Ericsson is hit by Greg Stewart and loses puck.
6:46 of 2nd period - Backhand shot by Travis Zajac.
6:46 of 2nd period - Stopped by Kristers Gudlevskis with a rebound.
6:48 of 2nd period - Wrist shot by Marcus Kruger.
6:48 of 2nd period - Deflect By Chris Mcallister.
6:48 of 2nd period - Shot Misses the Net.
6:48 of 2nd period - Puck is out of play.
6:49 of 2nd period - Jordan Nolan wins face-off versus Dave Bolland in Canadiens zone.
7:05 of 2nd period - Minor Penalty to John Carlson for Tripping.
7:06 of 2nd period - Jean-Gabriel Pageau wins face-off versus Jordan Nolan in Canadiens zone.
8:13 of 2nd period - Wrist shot by Jordan Nolan.
8:13 of 2nd period - Shot Misses the Net.
8:29 of 2nd period - Wrist shot by J.T. Miller.
8:29 of 2nd period - Goal by J.T. Miller - Flyers : 3 - Canadiens : 2.
8:30 of 2nd period - Dave Bolland wins face-off versus Jeff Carter in neutral zone.
8:33 of 2nd period - Matt Smaby is hit by Mats Zuccarello and loses puck.
8:40 of 2nd period - Wrist shot by Dave Bolland.
8:40 of 2nd period - Stopped by Steve Mason without a rebound.
8:41 of 2nd period - Dave Bolland wins face-off versus Jeff Carter in Flyers zone.
8:42 of 2nd period - Wrist shot by Mats Zuccarello.
8:42 of 2nd period - Stopped by Steve Mason with a rebound.
8:52 of 2nd period - Wrist shot by Drew Miller.
8:52 of 2nd period - Stopped by Kristers Gudlevskis with a rebound.
8:54 of 2nd period - Snap shot by Matt Smaby.
8:54 of 2nd period - Stopped by Kristers Gudlevskis without a rebound.
8:55 of 2nd period - Mika Zibanejad wins face-off versus Jeff Carter in Canadiens zone.
9:47 of 2nd period - Wrist shot by J.T. Miller.
9:47 of 2nd period - Stopped by Kristers Gudlevskis with a rebound.
9:57 of 2nd period - Snap shot by J.T. Miller.
9:57 of 2nd period - Shot Blocked by Mats Zuccarello.
10:22 of 2nd period - John Carlson is hit by Matt Smaby and loses puck.
10:35 of 2nd period - Drew Miller is hit by Bryce Lampman and loses puck.
10:42 of 2nd period - Wrist shot by Chris Kreider.
10:42 of 2nd period - Deflect By Matt Smaby.
10:42 of 2nd period - Stopped by Steve Mason without a rebound.
10:43 of 2nd period - Phil Kessel wins face-off versus Jordan Nolan in Flyers zone.
11:21 of 2nd period - Slapshot by Jean-Gabriel Pageau.
11:21 of 2nd period - Shot Misses the Net.
11:42 of 2nd period - Off-side.
11:43 of 2nd period - Jordan Nolan wins face-off versus Mika Zibanejad in neutral zone.
12:55 of 2nd period - Wrist shot by Jordan Szwarz.
12:55 of 2nd period - Shot Misses the Net.
13:41 of 2nd period - Drew Miller is hit by Dave Bolland and loses puck.
14:06 of 2nd period - Slapshot by Daniel Carcillo.
14:06 of 2nd period - Stopped by Steve Mason without a rebound.
14:07 of 2nd period - Mika Zibanejad wins face-off versus Travis Zajac in Flyers zone.
14:24 of 2nd period - Wrist shot by Chris Mcallister.
14:24 of 2nd period - Shot Blocked by Philip Larsen.
14:26 of 2nd period - Wrist shot by Marcus Kruger.
14:26 of 2nd period - Deflect By Travis Zajac.
14:26 of 2nd period - Stopped by Kristers Gudlevskis with a rebound.
14:28 of 2nd period - Slapshot by Jeff Woywitka.
14:28 of 2nd period - Goal by Jeff Woywitka - Flyers : 4 - Canadiens : 2.
14:28 of 2nd period - Allen York enters game.
14:29 of 2nd period - Jordan Nolan wins face-off versus Jean-Gabriel Pageau in neutral zone.
14:55 of 2nd period - Chris Kreider is hit by Jeff Carter and loses puck.
15:50 of 2nd period - Steve Downie is hit by Brock Nelson and loses puck.
16:05 of 2nd period - Wrist shot by Chris Kreider.
16:05 of 2nd period - Shot Blocked by J.T. Miller.
16:07 of 2nd period - Slapshot by Chris Kreider.
16:07 of 2nd period - Shot Blocked by Jakub Voracek.
16:09 of 2nd period - Backhand shot by Chris Kreider.
16:09 of 2nd period - Shot Misses the Net.
16:21 of 2nd period - Philip Larsen is hit by Jeff Carter and loses puck.
17:16 of 2nd period - Mark Stuart is hit by Tyler Randell and loses puck.
17:31 of 2nd period - Jacob Trouba is hit by Dave Bolland and loses puck.
18:07 of 2nd period - Off-side.
18:08 of 2nd period - Travis Zajac wins face-off versus Mika Zibanejad in neutral zone.
18:34 of 2nd period - J.T. Miller is hit by Steve Downie and loses puck.
19:01 of 2nd period - Wrist shot by Philip Larsen.
19:01 of 2nd period - Shot Blocked by Jeff Woywitka.
19:03 of 2nd period - Wrist shot by Brian Dumoulin.
19:03 of 2nd period - Shot Misses the Net.
19:05 of 2nd period - Slapshot by Philip Larsen.
19:05 of 2nd period - Stopped by Steve Mason without a rebound.
19:06 of 2nd period - Jordan Nolan wins face-off versus Mika Zibanejad in Flyers zone.
19:33 of 2nd period - Nathan Beaulieu is hit by Dave Bolland and loses puck.
19:45 of 2nd period - Minor Penalty to Drew Miller for Interference.
19:46 of 2nd period - J.T. Miller wins face-off versus Jean-Gabriel Pageau in Flyers zone.
19:54 of 2nd period - Snap shot by Greg Stewart.
19:54 of 2nd period - Shot Misses the Net.
19:56 of 2nd period - Snap shot by Steve Downie.
19:56 of 2nd period - Stopped by Steve Mason without a rebound.
19:57 of 2nd period - J.T. Miller wins face-off versus Mika Zibanejad in Flyers zone.
19:57 of 2nd period - J.T. Miller is hit by Mika Zibanejad.
Goals for this period are 2 for Flyers vs 1 for Canadiens.
Shots for this period are 7 for Flyers vs 10 for Canadiens.
3rd period
0:01 of 3rd period - J.T. Miller wins face-off versus Mika Zibanejad in neutral zone.
0:39 of 3rd period - Off-side.
0:40 of 3rd period - Jean-Gabriel Pageau wins face-off versus Jeff Carter in neutral zone.
0:54 of 3rd period - Slapshot by Greg Stewart.
0:54 of 3rd period - Goal by Greg Stewart - Flyers : 4 - Canadiens : 3.
0:55 of 3rd period - Jordan Nolan wins face-off versus Jean-Gabriel Pageau in neutral zone.
1:03 of 3rd period - Minor Penalty to Jacob Trouba for Hooking.
1:04 of 3rd period - J.T. Miller wins face-off versus Mika Zibanejad in Flyers zone.
1:56 of 3rd period - Matt Smaby is hit by Mika Zibanejad and loses puck.
3:03 of 3rd period - Penalty to Jacob Trouba is over, Jacob Trouba is back on ice.
3:05 of 3rd period - Backhand shot by Mika Zibanejad.
3:05 of 3rd period - Shot Blocked by Jeff Woywitka.
3:07 of 3rd period - Snap shot by Phil Kessel.
3:07 of 3rd period - Shot Misses the Net.
3:30 of 3rd period - Snap shot by Chris Kreider.
3:30 of 3rd period - Shot Misses the Net.
3:34 of 3rd period - Wrist shot by Phil Kessel.
3:34 of 3rd period - Goal by Phil Kessel - Flyers : 4 - Canadiens : 4.
3:35 of 3rd period - Jean-Gabriel Pageau wins face-off versus Niclas Bergfors in neutral zone.
3:42 of 3rd period - Snap shot by Steve Downie.
3:42 of 3rd period - Stopped by Steve Mason without a rebound.
3:43 of 3rd period - Jeff Carter wins face-off versus Jean-Gabriel Pageau in Flyers zone.
4:12 of 3rd period - Snap shot by Greg Stewart.
4:12 of 3rd period - Stopped by Steve Mason without a rebound.
4:13 of 3rd period - Dave Bolland wins face-off versus Jordan Nolan in Flyers zone.
4:27 of 3rd period - Minor Penalty to Jordan Nolan for Hooking.
4:28 of 3rd period - J.T. Miller wins face-off versus Jean-Gabriel Pageau in Flyers zone.
6:27 of 3rd period - Penalty to Jordan Nolan is over, Jordan Nolan is back on ice.
6:40 of 3rd period - Jonathan Ericsson is hit by Cam Fowler and loses puck.
7:39 of 3rd period - Wrist shot by Jakub Voracek.
7:39 of 3rd period - Stopped by Allen York without a rebound.
7:40 of 3rd period - Jordan Nolan wins face-off versus Mika Zibanejad in Canadiens zone.
7:45 of 3rd period - Slapshot by Jakub Voracek.
7:45 of 3rd period - Stopped by Allen York without a rebound.
7:46 of 3rd period - Jordan Nolan wins face-off versus Jean-Gabriel Pageau in Canadiens zone.
7:49 of 3rd period - Snap shot by Jakub Voracek.
7:49 of 3rd period - Stopped by Allen York with a rebound.
7:51 of 3rd period - Wrist shot by Jordan Nolan.
7:51 of 3rd period - Shot Misses the Net.
7:53 of 3rd period - Slapshot by Jeff Woywitka.
7:53 of 3rd period - Stopped by Allen York without a rebound.
7:54 of 3rd period - Jordan Nolan wins face-off versus Jean-Gabriel Pageau in Canadiens zone.
8:31 of 3rd period - Snap shot by Jakub Voracek.
8:31 of 3rd period - Shot Hit the Post.
8:33 of 3rd period - Wrist shot by Jakub Voracek.
8:33 of 3rd period - Goal by Jakub Voracek - Flyers : 5 - Canadiens : 4.
8:34 of 3rd period - Mika Zibanejad wins face-off versus Jeff Carter in neutral zone.
9:30 of 3rd period - Snap shot by Chris Mcallister.
9:30 of 3rd period - Shot Misses the Net.
11:26 of 3rd period - Minor Penalty to Nick Spaling for Holding.
11:27 of 3rd period - Jean-Gabriel Pageau wins face-off versus Jordan Nolan in Canadiens zone.
11:38 of 3rd period - Slapshot by Jeff Woywitka.
11:38 of 3rd period - Goal by Jeff Woywitka - Flyers : 6 - Canadiens : 4.
11:39 of 3rd period - Mika Zibanejad wins face-off versus Jordan Nolan in neutral zone.
11:54 of 3rd period - Bryce Lampman is hit by Jeff Woywitka and loses puck.
12:05 of 3rd period - Chris Kreider is hit by Marcus Kruger and loses puck.
12:14 of 3rd period - Wrist shot by Travis Zajac.
12:14 of 3rd period - Stopped by Allen York with a rebound.
12:16 of 3rd period - Snap shot by Marcus Kruger.
12:16 of 3rd period - Shot Misses the Net.
12:18 of 3rd period - Snap shot by Jeff Woywitka.
12:18 of 3rd period - Stopped by Allen York without a rebound.
12:19 of 3rd period - Jordan Nolan wins face-off versus Jean-Gabriel Pageau in Canadiens zone.
13:16 of 3rd period - Slapshot by Travis Zajac.
13:16 of 3rd period - Shot Blocked by John Carlson.
13:18 of 3rd period - Snap shot by Chris Mcallister.
13:18 of 3rd period - Shot Misses the Net.
13:20 of 3rd period - Slapshot by Nathan Beaulieu.
13:20 of 3rd period - Shot Blocked by Nick Spaling.
13:24 of 3rd period - Snap shot by Chris Mcallister.
13:24 of 3rd period - Shot Misses the Net.
13:26 of 3rd period - Slapshot by Chris Mcallister.
13:26 of 3rd period - Deflect By Travis Zajac.
13:26 of 3rd period - Shot Blocked by Bryce Lampman.
13:26 of 3rd period - Puck is out of play.
13:27 of 3rd period - Jordan Nolan wins face-off versus Mika Zibanejad in Canadiens zone.
13:28 of 3rd period - Snap shot by Jakub Voracek.
13:28 of 3rd period - Shot Misses the Net.
13:34 of 3rd period - Slapshot by John Carlson.
13:34 of 3rd period - Shot Misses the Net.
13:36 of 3rd period - Backhand shot by Chris Kreider.
13:36 of 3rd period - Shot Misses the Net.
13:38 of 3rd period - Slapshot by Phil Kessel.
13:38 of 3rd period - Shot Misses the Net.
13:40 of 3rd period - Slapshot by John Carlson.
13:40 of 3rd period - Deflect By Mika Zibanejad.
13:40 of 3rd period - Stopped by Steve Mason with a rebound.
13:42 of 3rd period - Wrist shot by Phil Kessel.
13:42 of 3rd period - Shot Misses the Net.
14:28 of 3rd period - Wrist shot by Marcus Kruger.
14:28 of 3rd period - Shot Blocked by Daniel Carcillo.
14:30 of 3rd period - Snap shot by Chris Mcallister.
14:30 of 3rd period - Stopped by Allen York with a rebound.
14:32 of 3rd period - Snap shot by Marcus Kruger.
14:32 of 3rd period - Shot Blocked by Cam Fowler.
14:34 of 3rd period - Snap shot by Chris Mcallister.
14:34 of 3rd period - Shot Blocked by Mark Stuart.
14:40 of 3rd period - Minor Penalty to Mats Zuccarello for Tripping.
14:41 of 3rd period - Jean-Gabriel Pageau wins face-off versus Jordan Nolan in Canadiens zone.
14:58 of 3rd period - Wrist shot by Chris Kreider.
14:58 of 3rd period - Stopped by Steve Mason without a rebound.
14:59 of 3rd period - Jeff Carter wins face-off versus Chris Kreider in Flyers zone.
15:16 of 3rd period - Chris Kreider is hit by Niclas Bergfors and loses puck.
15:37 of 3rd period - Snap shot by Drew Miller.
15:37 of 3rd period - Stopped by Allen York without a rebound.
15:38 of 3rd period - Jordan Nolan wins face-off versus Jean-Gabriel Pageau in Canadiens zone.
16:40 of 3rd period - Penalty to Mats Zuccarello is over, Mats Zuccarello is back on ice.
17:49 of 3rd period - Wrist shot by Travis Zajac.
17:49 of 3rd period - Shot Misses the Net.
18:05 of 3rd period - Double Minor Penalty to Mark Stuart for Slashing.
18:06 of 3rd period - Jordan Nolan wins face-off versus Jean-Gabriel Pageau in Canadiens zone.
18:13 of 3rd period - Snap shot by J.T. Miller.
18:13 of 3rd period - Shot Misses the Net.
18:22 of 3rd period - Off-side.
18:23 of 3rd period - Jean-Gabriel Pageau wins face-off versus Jeff Carter in neutral zone.
18:25 of 3rd period - Off-side.
18:26 of 3rd period - Jean-Gabriel Pageau wins face-off versus Jeff Carter in neutral zone.
18:31 of 3rd period - Snap shot by Chris Kreider.
18:31 of 3rd period - Stopped by Steve Mason with a rebound.
19:06 of 3rd period - Snap shot by Greg Stewart.
19:06 of 3rd period - Goal by Greg Stewart - Flyers : 6 - Canadiens : 5.
19:07 of 3rd period - Jordan Nolan wins face-off versus Jean-Gabriel Pageau in neutral zone.
Goals for this period are 2 for Flyers vs 3 for Canadiens.
Shots for this period are 10 for Flyers vs 8 for Canadiens.